 Dungeon Crawl Stone Soup version 0.20.1-1-g8b1a95d (webtiles) character file.

89 tmwrnj the Shield-Bearer (level 4, -3/40 HPs)
             Began as a Hill Orc Fighter on Aug 1, 2017.
             Killed from afar by an orc wizard (10 damage)
             ... with a magic dart
             ... on level 3 of the Dungeon.
             The game lasted 00:05:00 (1615 turns).

tmwrnj the Shield-Bearer (Hill Orc Fighter)         Turns: 1615, Time: 00:05:01

Health: -3/40      AC:  9    Str: 19    XL:     4   Next: 55%
Magic:  4/4        EV:  5    Int:  8    God:
Gold:   124        SH:  0    Dex: 10    Spells: 3/3 levels left

rFire    . . .     SeeInvis .   a - +0 flail
rCold    . . .     Gourm    .   c - +0 shield
rNeg     . . .     Faith    .   g - +0 chain mail
rPois    .         Spirit   .   (no helmet)
rElec    .         Reflect  .   (no cloak)
rCorr    .         Harm     .   (no gloves)
MR       .....                  (no boots)
Stlth    ..........             (no amulet)
Regen    0.2/turn               (no ring)
MPRegen  0.1/turn               (no ring)

@: confused
A: no striking features
a: no special abilities


You were on level 3 of the Dungeon.
You were not hungry.

You visited 1 branch of the dungeon, and saw 3 of its levels.

You collected 124 gold pieces.

Inventory:

Hand Weapons
 a - a +0 flail (weapon)
Armour
 b - a +0 scale mail
 c - a +0 shield (worn)
 g - a +0 chain mail (worn)
Jewellery
 p - a cursed amulet of inaccuracy {unknown}
Scrolls
 h - a scroll of magic mapping {unknown}
 j - a scroll of teleportation {unknown}
 k - 4 scrolls of remove curse {unknown}
 m - a scroll of immolation {unknown}
 n - a scroll of noise {unknown}
 q - a scroll of identify {unknown}
Potions
 d - a potion of might
 e - 4 potions of lignification {unknown}
 l - 2 potions of curing {unknown}
 o - 2 potions of mutation {unknown}
 r - a potion of brilliance {unknown}
Comestibles
 f - 2 bread rations
 i - 2 meat rations
 s - 3 chunks of flesh
 t - 4 fruits


   Skills:
 + Level 3.9 Fighting
 + Level 3.4 Maces & Flails
 + Level 3.8 Armour
 + Level 0.1 Dodging
 + Level 4.2 Shields


You had 3 spell levels left.
You didn't know any spells.

Dungeon Overview and Level Annotations

Branches:
Dungeon (3/15)

Altars:
Okawaru

Annotations:
D:2 Sigmund


Message History

You bump into the rock wall.
Something hits you but does no damage.
You completely miss something. Something hits you but does no damage.
You bump into the rock wall.
You feel less confused. Something hits you but does no damage.
An orc wizard appears from thin air!
Reactivating autopickup.
The orc wizard casts a spell at you.
You are confused.
The orc wizard gestures at you while chanting.
The magic dart hits you!
* * * LOW HITPOINT WARNING * * *
You bump into the rock wall.
You bump into the rock wall.
The orc wizard casts a spell at you. You resist with some effort.
You bump into the rock wall.
The orc wizard gestures at you while chanting.
The magic dart hits you!
You die...

#.#########.# # #...........# #
#.#########.# # #.# #.# # #.# #.#
# ## #.#########.# # .#
#....(.(..#.# #
.##################.#.###########
.'......).......@.oo.............
.####.#############.#.###########
.# #.#..<..# #.#.# ## #.#.#.#.#
#.#.# #####.#.#.#.#######.#.#
'...........#.....#.#.###########
#####.#.....#.....#)#............
# #.####........'.############. #
#.##..........#.######## #.


You could see an orc wizard and an orc.

Vanquished Creatures
  2 adders
  An ooze (D:3)
  2 worms
  A dart slug (D:1)
  2 leopard geckos
  An orc (D:3)
  A ball python (D:3)
  4 bats
  A giant cockroach (D:1)
  6 hobgoblins
  12 jackals
  2 quokkas (D:2)
  4 frilled lizards (D:1)
  5 goblins
  3 kobolds
  5 rats
52 creatures vanquished.

Vanquished Creatures (others)
  A frilled lizard (D:1)
1 creature vanquished.

Grand Total: 53 creatures vanquished

Notes
Turn   | Place    | Note
-------+----------+-------------------------------------------
     0 | D:1      | tmwrnj the Hill Orc Fighter began the quest for the Orb.
     0 | D:1      | Reached XP level 1. HP: 19/19 MP: 1/1
   399 | D:1      | Reached XP level 2. HP: 26/27 MP: 2/2
   657 | D:1      | Reached XP level 3. HP: 28/33 MP: 3/3
  1023 | D:2      | Found an iron altar of Okawaru.
  1163 | D:2      | Reached skill level 4 in Shields
  1163 | D:2      | Reached XP level 4. HP: 31/40 MP: 4/4
  1243 | D:2      | Noticed Sigmund
  1615 | D:3      | Killed from afar by an orc wizard

Skill      XL: |  1  2  3 |
---------------+----------+-----
Maces & Flails | 3 |  3.4
Shields        | 4 |  4.2
Fighting       | |  3.9
Armour         | |  3.8
Dodging        | |  0.1

Action                   |  1- 3 |  4- 6 || total
-------------------------+-------+-------++-------
Melee: Flail             |   167 |    75 ||   242
  Eat: Chunk             |     1 |     2 ||     3
Armor: Chain mail        |   124 |    33 ||   157
       Scale mail        |     5 |       ||     5
Dodge: Dodged            |    60 |    25 ||    85
Block: Shield            |   106 |    37 ||   143
